 Dungeon Crawl Stone Soup version 0.25-a0-578-gc91f01c39c (webtiles) character file.

Game seed: 7497800241874485758, levelgen mode: deterministic

154 An17 the Sneak (level 5, -1/28 HPs)
             Began as a Vampire Enchanter on Mar 5, 2020.
             Was an Initiate of Ashenzari.
             Killed by divine providence
             ... invoked by an orc priest
              (16 damage)
             ... on level 3 of the Dungeon.
             The game lasted 00:11:44 (2457 turns).

An17 the Sneak (Vampire Enchanter)                  Turns: 2457, Time: 00:11:45

Health: -1/28      AC:  5    Str:  7    XL:     5   Next: 13%
Magic:  8/8        EV: 13    Int: 17    God:    Ashenzari [......]
Gold:   193        SH:  0    Dex: 16    Spells: 3/9 levels left

rFire    . . .     SeeInvis +   a - +2 dagger
rCold    + + .     Gourm    .   (no shield)
rNeg     + + +     Faith    .   b - +1 robe
rPois    ∞         Spirit   .   (no helmet)
rElec    .         Reflect  +   g - +0 cloak
rCorr    .         Harm     .   (no gloves)
MR       .....                  e - +0 pair of boots (curse)
Stlth    +++.......             c - +2 amulet of reflection
HPRegen  0.00/turn              (no ring)
MPRegen  0.11/turn              (no ring)

@: confused, bloodless
A: no food, fangs 3, see invisible, unbreathing
a: Bat Form, Revivify, Curse Item, Renounce Religion


You were on level 3 of the Dungeon.
You worshipped Ashenzari.
Ashenzari was noncommittal.
You were bloodless.

You visited 1 branch of the dungeon, and saw 3 of its levels.

You collected 193 gold pieces.

Inventory:

Hand Weapons
 a - a +2 dagger (weapon)
Missiles
 k - 30 poisoned darts (quivered)
Armour
 b - a +1 robe (worn)
 d - a +0 ring mail
 e - a cursed +0 pair of boots (worn)
 g - a +0 cloak (worn)
Jewellery
 c - a +2 amulet of reflection (around neck)
Wands
 j - a wand of enslavement (4)
Scrolls
 f - a scroll of enchant armour
Potions
 h - 2 potions of curing
 n - a potion of lignification


   Skills:
 + Level 0.2 Fighting
 + Level 2.0 Short Blades
 * Level 2.9 Dodging
 + Level 6.5 Stealth
 + Level 2.5 Spellcasting
 + Level 5.4 Hexes
 + Level 0.6 Ice Magic


You had 3 spell levels left.
You knew the following spells:

 Your Spells              Type           Power        Failure   Level  Hunger
a - Corona                Hex            ###....      1%          1    N/A
b - Ensorcelled Hibernat  Hex/Ice        ##....       8%          2    N/A
c - Tukima's Dance        Hex            ###.....     6%          3    N/A

Your spell library contained the following spells:

 Spells                   Type           Power        Failure   Level  Hunger
 Confusing Touch          Hex            ###.....     6%          3    N/A
 Dazzling Flash           Conj/Hex       ##....       19%         3    N/A

Dungeon Overview and Level Annotations

Branches:
Dungeon (3/15)

Altars:
Ashenzari


Innate Abilities, Weirdness & Mutations

You do not eat.
You do not regenerate when monsters are visible.
You are frail without blood (-20% HP).
You can heal yourself when you bite living creatures.
You are immune to poison.
You have razor-sharp teeth.
You have supernaturally acute eyesight. (SInv)
You can survive without breathing.


Message History

The orc priest hits you with a +0 club.
You hit the orc priest.
The orc priest is moderately wounded.
The orc priest misses you.
The orc priest hits you but does no damage.
The orc priest looks braver for a moment.
The orc priest barely misses you.
The orc priest calls down the wrath of Beogh upon you.
Beogh smites you!
* * * LOW HITPOINT WARNING * * *
Your magical contamination has completely faded away.
It was a potion of ambrosia.
You are confused.
You feel invigorated.
It was a potion of lignification.
You feel woody for a moment. The orc priest closely misses you.
The orc priest calls down the wrath of Beogh upon you.
Beogh smites you!
Ouch! That really hurt!
You die...

# #.......#..# # # #.......#..# #
##########..........# #
....................# #########
.....#####..........#####........
.......###..........#............
.............#)#'#..#.###........
.............#.#.#..#.# #........
#'##........(#.#@#..#.# #........
#.##.........#.#.#..#.# #........
#..#.........#.#o#..#.# #########
####.#.........#.#..#.#
..............##.#..#.#
####..........†..#..#.#
..............####..#'########
#########...######............
........'...+.................


You could see an orc priest.

Vanquished Creatures
  2 orc priests (D:3)
  7 worms
  A dart slug (D:1)
  4 leopard geckos (D:2)
  3 orcs (D:3)
  3 bats (D:1)
  7 goblins
  10 hobgoblins
  6 jackals
  6 kobolds
  4 frilled lizards
  13 rats
66 creatures vanquished.

Notes
Turn   | Place    | Note
-------+----------+-------------------------------------------
     0 | D:1      | An17 the Vampire Enchanter began the quest for the Orb.
     0 | D:1      | Reached XP level 1. HP: 13/13 MP: 3/3
   190 | D:1      | Reached XP level 2. HP: 9/19 MP: 5/5
   194 | D:1      | Learned a level 2 spell: Ensorcelled Hibernation
   372 | D:1      | Reached skill level 5 in Hexes
   668 | D:2      | Reached XP level 3. HP: 19/19 MP: 6/6
   673 | D:2      | Learned a level 3 spell: Tukima's Dance
   713 | D:2      | Reached skill level 5 in Stealth
   732 | D:2      | Found a shattered altar of Ashenzari.
  1034 | D:2      | Became a worshipper of Ashenzari the Shackled
  1315 | D:2      | Reached XP level 4. HP: 24/24 MP: 5/7
  1961 | D:3      | Reached skill level 6 in Stealth
  2411 | D:3      | Reached XP level 5. HP: 28/28 MP: 3/8
  2457 | D:3      | Killed from afar by an orc priest

Levels and vault maps discovered:
D:1:      minmay_arrival_wavy_path, layout_basic
D:2:      layout_loops_cross, nicolae_ashenzari_panopticon,
          kennysheep_generic_room_4
D:3:      layout_basic, kennysheep_generic_room_6

Skill      XL: |  1  2  3  4 |
---------------+-------------+-----
Hexes          | 5 |  5.4
Stealth        | 5 6 |  6.5
Short Blades   | 2 |  2.0
Fighting       | |  0.2
Dodging        | |  2.9
Spellcasting   | |  2.5
Ice Magic      | |  0.6

Action                   |  1- 3 |  4- 6 || total
-------------------------+-------+-------++-------
Melee: Dagger            |   118 |    41 ||   159
       Bite              |     3 |     2 ||     5
 Cast: Ensorcelled Hiber |    18 |    16 ||    34
 Abil: Exsanguinate      |     1 |       ||     1
  Use: Scroll            |     7 |     2 ||     9
       Potion            |       |     2 ||     2
 Stab: Sleeping          |    30 |    11 ||    41
Armor: Robe              |    22 |     5 ||    27
Dodge: Dodged            |    50 |    19 ||    69
Block: Other             |     3 |     2 ||     5

Table legend:
 A = Non-vault XP
 B = Vault XP
 C = Vault XP percentage of total XP
 D = Non-vault monster count
 E = Vault monster count
 F = Vault count percentage of total count
                 A         B        C        D         E       F
            +---------+---------+-------+---------+---------+-------
      Total |     219 |       2 |   0.9 |      65 |       1 |   1.5
            +---------+---------+-------+---------+---------+-------
        D:1 |      36 |       0 |   0.0 |      22 |       0 |   0.0
        D:2 |      64 |       2 |   3.0 |      27 |       1 |   3.6
        D:3 |     119 |       0 |   0.0 |      16 |       0 |   0.0
            +---------+---------+-------+---------+---------+-------
